AoeStats
← 秋秋风落叶

Black Forest

510119367Analyzed
4v4 RM · 3d ago on Sep 29, 2026· 62m 20s· 8 players
Game mode
Random Map
Map size
Large (8 player)
Population
200
Speed
Normal
Resources
Standard
Victory
Conquest
Starting age
Dark Age
Ending age
Imperial Age
RankedLock teamsTeams togetherTeam positionsShared explorationLock speedFull tech treeHidden civsTurbo modeCheats
Victory
Defeat
🇹🇷 Goths · Türkiye
1124
+15
🇪🇸 Saracens · Spain
1091
+16
🇫🇷 Britons · France
1044
+18
🇫🇷 Bohemians · France
1015
+19
🇨🇳 Byzantines · China
1159
-20
🇬🇧 Persians · United Kingdom
1155
-19
🇺🇸 Celts · United States
1038
-15
🇲🇽 Turks · Mexico
1019
-14
Rulito
11:41 Feudal Age
15:45 Castle Age
14:54 Double-Bit Axe
21:24 Wheelbarrow
21:34 Bow Saw
22:03 Horse Collar
25:18 Heavy Plow
29:08 Imperial Age
28:04 Loom
28:06 Town Watch
28:36 Hand Cart
29:55 Fishing Lines
30:40 Stone Mining
30:41 Gold Mining
30:54 Scale Mail Armor
31:05 Forging
31:02 Scale Barding Armor
31:14 Masonry
31:45 Gillnets
34:05 Gold Shaft Mining
33:32 Town Patrol
33:59 Ballistics
34:40 Chemistry
33:36 Murder Holes
35:03 Fortified Wall
35:03 Siege Engineers
34:56 Capped Ram
35:05 Elite Mameluke
36:05 Conscription
35:07 Elite Mameluke
36:08 Conscription
38:09 Chain Mail Armor
38:29 Iron Casting
38:22 Chain Barding Armor
38:50 Light Cavalry
39:40 Bloodlines
39:32 Husbandry
39:53 Hussar
41:42 Blast Furnace
42:24 Plate Barding Armor
41:40 Fletching
58:58 Caravan
BlueBoss
9:38 Loom
12:32 Feudal Age
13:52 Double-Bit Axe
17:37 Castle Age
17:01 Horse Collar
17:20 Fishing Lines
20:27 Wheelbarrow
21:26 Town Watch
22:32 Hand Cart
24:18 Town Patrol
26:14 Heavy Plow
26:24 Bow Saw
28:32 Ballistics
29:27 Chemistry
28:19 Fletching
31:58 Imperial Age
30:22 Masonry
30:09 Bodkin Arrow
30:24 Forging
30:15 Scale Mail Armor
29:36 Pikeman
30:16 Squires
30:02 Arson
30:48 Murder Holes
30:56 Padded Archer Armor
31:38 Gillnets
32:54 Siege Engineers
32:20 Houfnice
33:26 Caravan
34:06 Coinage
34:43 Two-Man Saw
35:10 Leather Archer Armor
35:22 Conscription
35:27 Wagenburg Tactics
38:09 Architecture
37:53 Halberdier
Fëanor
0:33 Loom
12:35 Feudal Age
13:37 Double-Bit Axe
17:05 Castle Age
16:07 Wheelbarrow
15:18 Town Watch
16:03 Horse Collar
18:08 Bow Saw
18:44 Stone Mining
24:24 Hand Cart
26:06 Heavy Plow
26:23 Fletching
26:36 Padded Archer Armor
27:36 Bodkin Arrow
31:49 Imperial Age
30:08 Leather Archer Armor
29:54 Scale Mail Armor
31:27 Forging
31:53 Yeomen
31:45 Fishing Lines
32:36 Bracer
32:00 Onager
33:53 Chemistry
33:18 Ballistics
34:00 Ring Archer Armor
34:37 Conscription
35:24 Hoardings
34:36 Pikeman
35:17 Squires
35:35 Chain Mail Armor
35:23 Elite Longbowman
37:09 Plate Mail Armor
37:14 Iron Casting
38:43 Chemistry
37:54 Masonry
37:50 Siege Engineers
37:36 Halberdier
41:06 Blast Furnace
63:53 Two-Man Saw
gipsyking
1:45 Loom
13:21 Feudal Age
18:09 Castle Age
16:19 Double-Bit Axe
16:44 Horse Collar
17:29 Stone Mining
17:52 Gold Mining
20:06 Heavy Plow
25:23 Wheelbarrow
25:22 Bow Saw
27:47 Hand Cart
32:17 Imperial Age
30:14 Forging
30:04 Scale Mail Armor
30:47 Scale Mail Armor
31:31 Coinage
31:01 Caravan
32:03 Iron Casting
33:14 Padded Archer Armor
33:04 Fletching
33:15 Padded Archer Armor
34:13 Stone Shaft Mining
34:12 Conscription
34:15 Squires
33:36 Pikeman
35:28 Blast Furnace
34:44 Chain Mail Armor
35:24 Halberdier
37:31 Perfusion
37:50 Elite Huskarl
40:37 Onager
41:57 Banking
49:33 Chemistry
48:54 Ballistics
48:27 Treadmill Crane
Zeus GX
0:31 Loom
14:10 Feudal Age
21:39 Castle Age
19:31 Horse Collar
20:11 Double-Bit Axe
23:05 Wheelbarrow
26:24 Gold Mining
26:31 Stone Mining
33:36 Imperial Age
31:18 Bow Saw
31:41 Treadmill Crane
32:46 Fortified Wall
32:45 Fletching
32:55 Padded Archer Armor
33:20 Heavy Plow
33:52 Hand Cart
34:06 Bodkin Arrow
34:43 Town Watch
35:02 Bracer
35:38 Conscription
39:46 Ballistics
39:23 Murder Holes
40:40 Bloodlines
40:43 Forging
40:39 Scale Barding Armor
41:35 Gold Shaft Mining
41:23 Husbandry
42:21 Iron Casting
43:29 Chain Barding Armor
42:34 Heavy Camel Rider
45:00 Blast Furnace
45:00 Plate Barding Armor
48:48 Two-Man Saw
50:31 Hoardings
54:59 Caravan
SombreWeb
10:32 Feudal Age
11:16 Loom
14:01 Castle Age
12:31 Double-Bit Axe
13:11 Horse Collar
16:12 Bow Saw
16:14 Heavy Plow
21:30 Stone Mining
24:34 Wheelbarrow
25:16 Town Watch
25:54 Hand Cart
27:29 Stone Shaft Mining
26:47 Gold Mining
30:43 Imperial Age
28:30 Town Patrol
29:03 Forging
28:54 Scale Mail Armor
30:25 Iron Casting
30:04 Scale Barding Armor
30:04 Fletching
30:58 Masonry
31:10 Ballistics
30:46 Murder Holes
30:57 Onager
32:45 Blast Furnace
32:01 Chain Mail Armor
31:54 Elite War Elephant
32:55 Conscription
33:00 Chain Barding Armor
32:54 Squires
32:15 Pikeman
33:33 Architecture
34:26 Two-Man Saw
33:57 Crop Rotation
34:36 Gold Shaft Mining
34:01 Bodkin Arrow
34:15 Kamandaran
36:12 Hoardings
36:40 Plate Barding Armor
36:01 Bodkin Arrow
36:58 Citadels
37:53 Chemistry
37:37 Bloodlines
37:27 Husbandry
36:51 Light Cavalry
39:39 Thumb Ring
38:55 Crossbowman
40:36 Padded Archer Armor
40:38 Hussar
47:35 Caravan
秋秋风落叶
1:19 Loom
11:46 Feudal Age
17:14 Castle Age
15:47 Double-Bit Axe
15:58 Horse Collar
18:18 Bow Saw
Phoenix
5:01 Loom
14:51 Feudal Age
18:27 Castle Age
16:55 Double-Bit Axe
19:48 Wheelbarrow
19:34 Fishing Lines
21:41 Gillnets
27:33 Hand Cart
27:06 Town Watch
30:50 Bow Saw
33:26 Imperial Age
30:59 Town Patrol
31:03 Scale Mail Armor
31:14 Forging
33:35 Stronghold
34:03 Heavy Scorpion
35:42 Ballistics
36:22 Chemistry
35:29 Siege Engineers
35:19 Murder Holes
35:37 Masonry
37:06 Furor Celtica
37:16 Conscription
36:47 Capped Ram
37:39 Gold Mining
37:39 Stone Mining
39:02 Siege Ram
40:29 Chain Mail Armor
40:51 Iron Casting
52:11 Pikeman
55:00 Caravan
55:31 Coinage
55:17 Guilds
55:48 Halberdier
57:07 Light Cavalry
Connection lost

Rejoining the realm…

Still unreachable

The connection could not be restored.

Session expired

The server has moved on; the page needs a fresh start.